 Dungeon Crawl Stone Soup version 0.28.0-1-gb440e238dd (webtiles) character file.

Game seed: 2348028591791094369

39 Morbidden the Conjurer (level 3, -1/25 HPs)
             Began as a Demonspawn Conjurer on Feb 21, 2022.
             Slain by Robin (6 damage)
             ... on level 1 of the Dungeon.
             The game lasted 00:01:50 (2221 turns).

Morbidden the Conjurer (Demonspawn Conjurer)        Turns: 2221, Time: 00:01:51

Health: -1/25      AC:  5    Str:  7    XL:     3   Next: 28%
Magic:  3/6        EV: 12    Int: 21    God:
Gold:   67         SH:  0    Dex: 11    Spells: 5/6 levels left

rFire   . . .      SeeInvis .   (no weapon)
rCold   . . .      Faith    .   (no shield)
rNeg    . . .      Spirit   .   a - +0 robe
rPois   .          Reflect  .   (no helmet)
rElec   .          Harm     .   (no cloak)
rCorr   .          Rampage  .   d - +0 pair of gloves
Will    .....                   (no boots)
Stlth   ++........              (no amulet)
HPRegen 0.08/turn               (no ring)
MPRegen 0.10/turn               (no ring)

@: no status effects
A: thin metallic scales 1, foul stench 1
a: no special abilities


You were on level 1 of the Dungeon.
You visited 1 branch of the dungeon, and saw 2 of its levels.

You collected 67 gold pieces.

Inventory:

Missiles
 c - 4 javelins
Armour
 a - a +0 robe (worn)
 d - a +0 pair of gloves (worn)
Scrolls
 f - a scroll of magic mapping {unknown}
 g - 2 scrolls of identify {unknown}
 h - a scroll of fear {unknown}
Potions
 b - a potion of heal wounds {unknown}
 e - 2 potions of might {unknown}


   Skills:
 * Level 0.8 Fighting
 + Level 1.7 Dodging
 + Level 2.0 Stealth
 * Level 2.1 Spellcasting
 * Level 4.9 Conjurations


You had 5 spell levels left.
You knew the following spells:

 Your Spells              Type           Power      Damage    Failure   Level
a - Magic Dart            Conj           88%        1d7       1%          1

Your spell library contained the following spells:

 Spells                   Type           Power      Damage    Failure   Level
 Searing Ray              Conj           44%        2d6       3%          2
 Dazzling Flash           Conj/Hex       24%        N/A       16%         3
 Fulminant Prism          Conj/Hex       6%         3d7       47%         4
 Iskenderun's Mystic Bla  Conj/Tloc      12%        2d5       47%         4


Dungeon Overview and Level Annotations

Branches:
Dungeon (2/15)

Altars:

Annotations:
D:1 Robin


Innate Abilities, Weirdness & Mutations

You are partially covered in thin metallic scales. (AC +2)
You may rarely emit foul miasma when damaged in melee.


Message History

You climb upwards.
There is a stone staircase leading down here.
Unknown command.
Robin says, "Kneel, worm!"
You see here 14 arrows.
You hit the frilled lizard.
You kill the frilled lizard!
You barely miss Robin.
Robin is lightly wounded.
Robin hits you with a +0 falchion.
You barely miss Robin.
Robin is lightly wounded.
Robin hits you but does no damage.
Casting: Magic Dart (safe; 1% risk of failure)
Confirm with . or Enter, or press ? or * to list all spells.
Aiming: Magic Dart (safe; 1% risk of failure)
Press: ? - help, Shift-Dir - straight line, f - Robin
Aim: Robin, wielding a +0 falchion, wearing a +0 animal skin and wearing a +2 helmet (lightly wounded, 100% to hit)
The magic dart hits Robin but does no damage.
Robin is lightly wounded.
Robin hits you with a +0 falchion.
* * * LOW HITPOINT WARNING * * *
Casting: Magic Dart (safe; 1% risk of failure)
Confirm with . or Enter, or press ? or * to list all spells.
Aiming: Magic Dart (safe; 1% risk of failure)
Press: ? - help, Shift-Dir - straight line, f/p - Robin
Aim: Robin, wielding a +0 falchion, wearing a +0 animal skin and wearing a +2 helmet (lightly wounded, 100% to hit)
The magic dart hits Robin.
Robin is moderately wounded.
Robin hits you with a +0 falchion.
* * * LOW HITPOINT WARNING * * *
Casting: Magic Dart (safe; 1% risk of failure)
Confirm with . or Enter, or press ? or * to list all spells.
Aiming: Magic Dart (safe; 1% risk of failure)
Press: ? - help, Shift-Dir - straight line, f/p - Robin
Aim: Robin, wielding a +0 falchion, wearing a +0 animal skin and wearing a +2 helmet (lightly wounded, 100% to hit)
The magic dart hits Robin.
Robin is moderately wounded.
Robin hits you with a +0 falchion.
You die...

......#..........######.#.## #.
......#.#.##.........##.#..# #.
...........+.........##.#### #.
......#.####.........##.# #.
...........)............########.
####.........###.....)...........
# #.........+.................#.
# #.........#################.#.
# #.........(.g@............#.#.
# #....##.#.###############.#.#.
# #.........>.# #.#... #
#.......#.#.#############.#.##
####...#####.#.#.................
...........#.#.#.###########.#.#.
########...#.#.#.............#.#.
.......#####...#..........####.#.
⌠..........#####..........'....#.


You could see Robin.

Vanquished Creatures
  A dart slug (D:1)
  2 ball pythons
  3 bats (D:1)
  An endoplasm (D:1)
  2 giant cockroaches (D:2)
  10 goblins
  4 hobgoblins (D:1)
  A quokka (D:1)
  2 frilled lizards (D:1)
  3 kobolds
  3 rats
32 creatures vanquished.

Notes
Turn   | Place    | Note
-------+----------+-------------------------------------------
     0 | D:1      | Morbidden the Demonspawn Conjurer began the quest for the
                  | Orb.
     0 | D:1      | Reached XP level 1. HP: 13/13 MP: 3/3
   434 | D:1      | Gained mutation: You may rarely emit foul miasma when
                  | damaged in melee. [demonic ancestry]
   434 | D:1      | Reached XP level 2. HP: 20/20 MP: 3/5
  1025 | D:1      | Found a faded altar of an unknown god.
  1377 | D:2      | Noticed Robin
  1659 | D:2      | Gained mutation: You are partially covered in thin metallic
                  | scales. (AC +2) [demonic ancestry]
  1659 | D:2      | Reached XP level 3. HP: 25/25 MP: 2/6
  2221 | D:1      | Slain by Robin

Illustrated notes

Levels and vault maps discovered:
D:1:      dpeg_arrival_water_temple_mockup, layout_basic,
          chequers_ecumenical_altar_simple_redux
D:2:      layout_rooms, serial_shops, shop, minmay_misc_feat_more_columns,
          uniq_sigmund, uniq_robin

Skill      XL: |  1  2  3 |
---------------+----------+-----
Stealth        | 2 |  2.0
Fighting       | |  0.8
Dodging        | |  1.7
Spellcasting   | |  2.1
Conjurations   | |  4.9

Action                   || total
-------------------------++-------
Melee: Unarmed           ||     9
 Cast: Magic Dart        ||    67
Armor: Robe              ||    14
Dodge: Dodged            ||    30
